 Dungeon Crawl Stone Soup version 0.30.2 (webtiles) character file.

Game seed: 13161228248867256775

79 porpoise the Magician (level 4, 0/34 HPs)
             Began as a Djinni Venom Mage on Feb 14, 2024.
             Slain by a gnoll
             ... wielding a +0 halberd
              (11 damage)
             ... on level 3 of the Dungeon.
             The game lasted 00:08:54 (1895 turns).

porpoise the Magician (Djinni Venom Mage)           Turns: 1895, Time: 00:08:54

Health: 0/34       AC:  2    Str:  7    XL:     4   Next: 62%
Gold:   83         EV: 12    Int: 24    God:
                   SH:  0    Dex: 14

rFire   + + .        a - +0 short sword
rCold   x . .        (no shield)
rNeg    . . .        g - +0 robe
rPois   ∞            (no helmet)
rElec   .            (no cloak)
rCorr   .            (no gloves)
SInv    .            (boots unavailable)
Will    .....        (no amulet)
Stlth   ++           f - +6 ring of intelligence
HPRegen 0.25/turn    (no ring)
MPRegen 0.00/turn

%: infuse magic (-1 HP)
@: flying
A: sickness immunity, fire resistance 2, cold vulnerability 1, float, innate
caster, HP casting, extra vitality 1
a: no special abilities


You were on level 3 of the Dungeon.
You visited 1 branch of the dungeon, and saw 3 of its levels.

You collected 83 gold pieces.

Inventory:

Hand Weapons
 a - a +0 short sword (weapon)
Missiles
 k - 2 atropa-tipped darts
 o - 3 boomerangs
Armour
 g - a +0 robe (worn)
Jewellery
 f - a +6 ring of intelligence (left hand)
Wands
 i - a wand of polymorph (4)
Scrolls
 b - a scroll of teleportation
 d - a scroll of silence {unknown}
 e - a scroll of blinking
 j - a scroll of vulnerability {unknown}
 m - a scroll of torment {unknown}
 p - a scroll of identify {unknown}
Potions
 c - a potion of flight {unknown}
 h - a potion of degeneration {unknown}
 l - a potion of resistance {unknown}
 n - a potion of attraction {unknown}
 q - a potion of heal wounds {unknown}
 r - 2 potions of might {unknown}


   Skills:
 + Level 2.5 Fighting
 - Level 2.1 Dodging
 - Level 1.5 Stealth
 + Level 3.2 Spellcasting


You knew the following spells:

 Your Spells              Type           Power      Damage    Failure   Level
a - Sting                 Tmut/Pois      76%        1d6       2%          1
b - Poisonous Vapours     Pois/Air       38%        N/A       4%          2
c - Mephitic Cloud        Conj/Pois/Air  19%        N/A       9%          3
d - Olgreb's Toxic Radia  Pois           19%        N/A       26%         4
e - Shock                 Conj/Air       76%        1d7       2%          1
Your spell library was empty.

Dungeon Overview and Level Annotations

Branches:
Dungeon (3/15)

Altars:


Innate Abilities, Weirdness & Mutations

You are immune to sickness and miasma.
You are immune to poison.
Your flesh is very heat resistant. (rF++)
You are vulnerable to cold. (rC-)
You float through the air rather than walking.
You learn spells naturally, not from books.
Your magical power is your life essence.
You have superior vitality. (+4 MHP)


Message History

Confirm with . or Enter, or press ? or * to list all spells.
Aiming: Sting (safe; 2% risk of failure)
Press: ? - help, Shift-Dir - straight line, f - gnoll
Aim: a gnoll, wielding a +0 spear (77% to hit)
The sting hits the gnoll.
The gnoll is poisoned.
The gnoll is lightly wounded.
The gnoll hits you from afar with a +0 spear.
The gnoll closely misses you.
Your magical contamination has completely faded away.
You see here a jackal corpse.
You hit the gnoll but do no damage.
The gnoll is moderately wounded.
The gnoll hits you with a +0 spear!
You hit the gnoll but do no damage.
The gnoll is moderately wounded.
The gnoll closely misses you.
You see here an adder corpse.
There is a stone staircase leading up here.
Casting: Sting (safe; 2% risk of failure)
Confirm with . or Enter, or press ? or * to list all spells.
Aiming: Sting (safe; 2% risk of failure)
Press: ? - help, Shift-Dir - straight line, f/p - gnoll
Aim: a gnoll, wielding a +0 spear (severely wounded, poisoned, 77% to hit)
Okay, then.
Unknown command.
Casting: Sting (safe; 2% risk of failure)
Confirm with . or Enter, or press ? or * to list all spells.
Okay, then.
Unknown command.
Casting: Sting (safe; 2% risk of failure)
Confirm with . or Enter, or press ? or * to list all spells.
Aiming: Mephitic Cloud (dangerous; 9% risk of failure)
Press: ? - help, Shift-Dir - straight line, f/p - gnoll
Aim: a gnoll, wielding a +0 spear (severely wounded, poisoned, chance to affect: 91%)
The ball explodes into a vile cloud!
The stinking cloud engulfs the gnoll but does no damage.
The gnoll is severely wounded.
You hear a shout! x3
The gnoll hits you from afar with a +0 halberd!
You die...

...... ...
....>...#
........# ...
...###
#####☼##.#...#
#..☼§......#
#...g......#
#...g†@.†..#
#..†.......#
####
.......#####...#
...#######g.
##.#
#....##..... .#
##.......##.# #
............
........)...
........g...


You could see 3 gnolls.

Vanquished Creatures
  An adder (D:3)
  A gnoll (D:3)
  3 worms (D:2)
  3 dart slugs
  3 giant cockroaches
  3 goblins
  4 hobgoblins
  9 jackals
  A quokka (D:1)
  3 ball pythons
  5 bats
  4 frilled lizards
  3 kobolds
  A rat (D:1)
44 creatures vanquished.

Notes
Turn   | Place    | Note
-------+----------+-------------------------------------------
     0 | D:1      | porpoise the Djinni Venom Mage began the quest for the Orb.
     0 | D:1      | porpoise set off with the following spells memorised:
                  | Sting, Poisonous Vapours, Mephitic Cloud, Olgreb's Toxic
                  | Radiance.
     0 | D:1      | Reached XP level 1. HP: 15/15 MP: 0/0
   307 | D:1      | Reached XP level 2. HP: 21/22 MP: 0/0
   314 | D:1      | Reached skill level 1 in Fighting
   608 | D:1      | Reached XP level 3. HP: 25/27 MP: 0/0
   608 | D:1      | Learned a level 1 spell: Shock
  1192 | D:2      | Reached skill level 3 in Spellcasting
  1497 | D:2      | Found a faded altar of an unknown god.
  1716 | D:3      | Reached XP level 4. HP: 33/33 MP: 0/0
  1895 | D:3      | Slain by a gnoll

Illustrated notes

Levels and vault maps discovered:
D:1:      dpeg_arrival_more_subterranean_lakeside_camping, layout_loops_ring,
          chequers_jeans
D:2:      layout_basic, shapermc_ecumenical_altar_starsandcircs,
          grunt_ministairs_6, serial_bayou_crossing
D:3:      layout_rooms, serial_shops, nicolae_shop_window_shopping

Skill      XL: |  1  2  3 |
---------------+----------+-----
Fighting       | 1 2 |  2.5
Spellcasting   | 3 |  3.2
Dodging        | |  2.1
Stealth        | |  1.5

Action                     |  1- 3 |  4- 6 || total
---------------------------+-------+-------++-------
  Melee: Unarmed           |     8 |       ||     8
         Punch             |     1 |       ||     1
         Dagger            |     2 |       ||     2
         Short sword       |     6 |     6 ||    12
   Cast: Sting             |    40 |    16 ||    56
         Shock             |    17 |     2 ||    19
         Mephitic Cloud    |       |     1 ||     1
    Use: Scroll            |     2 |       ||     2
 Armour: Robe              |     5 |     1 ||     6
  Dodge: Dodged            |    18 |     7 ||    25
